 Dungeon Crawl Stone Soup version 0.23-a0-677-g07611c5 (webtiles) character file.

391 Amnesiac the Digger (level 6, 2/45 HPs)
             Began as a Draconian Earth Elementalist on Jan 9, 2019.
             Starved to death
             ... on level 1 of the Dungeon.
             The game lasted 00:11:11 (2508 turns).

Amnesiac the Digger (Draconian Earth Elementalist)  Turns: 2508, Time: 00:11:13

Health: 2/45       AC:  8    Str: 10    XL:     6   Next: 50%
Magic:  12/12      EV: 12    Int: 16    God:
Gold:   76         SH:  0    Dex: 13    Spells: 1/13 levels left

rFire    . . .     SeeInvis .   (no weapon)
rCold    . . .     Gourm    .   (no shield)
rNeg     . . .     Faith    .   (armour unavailable)
rPois    .         Spirit   .   (helmet restricted)
rElec    .         Reflect  .   (no cloak)
rCorr    .         Harm     .   (no gloves)
MR       .....                  (no boots)
Stlth    ++........             (no amulet)
HPRegen  0.15/turn              h - +2 ring of protection
MPRegen  0.13/turn              (no ring)

@: fainting
A: unfitting armour, cold-blooded, AC +6
a: no special abilities


You were on level 1 of the Dungeon.
You were fainting.

You visited 1 branch of the dungeon, and saw 6 of its levels.

You collected 76 gold pieces.

Inventory:

Jewellery
 h - a +2 ring of protection (left hand)
Scrolls
 a - a scroll of identify {!r}
 d - a scroll of enchant weapon {!r}
Potions
 g - a potion of flight {!q}


   Skills:
 - Level 1.7 Dodging
 - Level 1.7 Stealth
 + Level 4.0 Spellcasting
 - Level 1.0 Transmutations
 * Level 6.3 Earth Magic


You had one spell level left.
You knew the following spells:

 Your Spells              Type           Power        Failure   Level  Hunger
a - Sandblast             Erth           ###...       1%          1    None
b - Passwall              Tmut/Erth      ##......     5%          2    ##.....
d - Lee's Rapid Deconstr  Erth           ###.......   34%         5    ######.
e - Petrify               Tmut/Erth      ##......     36%         4    ####...

Your spell library contained the following spells:

 Spells                   Type           Power        Failure   Level  Hunger
 Freeze                   Ice            #...         17%         1    None
 Stone Arrow              Conj/Erth      ##....       14%         3    ###....
 Throw Frost              Conj/Ice       #.....       26%         2    ##.....
 Ozocubu's Armour         Chrm/Ice       #.......     45%         3    ###....
 Summon Ice Beast         Ice/Summ       #.......     86%         4    ####...
 Throw Icicle             Conj/Ice       #.......     86%         4    ####...


Dungeon Overview and Level Annotations

Branches:
Dungeon (6/15)
 Temple: D:4-7

Altars:
Gozag

Annotations:
D:3 Robin
D:4 Eustachio
D:5 exclusions: orc and orc priest


Innate Abilities, Weirdness & Mutations

Your plain brown scales are hard. (AC +6)
You cannot fit into any form of body armour.
You are cold-blooded and may be slowed by cold attacks.


Message History

The dart slug bites you.
* * * LOW HITPOINT WARNING * * *
The bat hits you but does no damage. x2
The kobold hits you but does no damage. The bat hits you.
* * * LOW HITPOINT WARNING * * *
The dart slug bites you but does no damage.
The kobold hits you but does no damage. The bat hits you but does no damage.
The kobold hits you but does no damage.
The dart slug bites you but does no damage.
The bat hits you but does no damage. The bat hits you but does no damage.
The kobold completely misses you.
You can move again.
Unknown command.
Unknown command.
You barely miss the bat. The bat hits you but does no damage.
The dart slug launches a dart at you. The slug dart hits you!
* * * LOW HITPOINT WARNING * * *
The kobold hits you but does no damage.
You hit the dart slug but do no damage.
The dart slug is moderately wounded.
The bat closely misses you. The dart slug launches a dart at you.
The slug dart hits you!
* * * LOW HITPOINT WARNING * * *
The kobold hits you.
* * * LOW HITPOINT WARNING * * *
You hit the bat but do no damage. The bat misses you.
The kobold hits you but does no damage.
You closely miss the bat. The bat barely misses you.
The bat hits you but does no damage.
The dart slug bites you but does no damage.
The kobold barely misses you.
You barely miss the bat. You tail-slap the bat.
You kill the bat!
The dart slug bites you but does no damage.
The kobold closely misses you.
You hit the dart slug but do no damage.
The dart slug is moderately wounded.
The kobold hits you but does no damage.
The dart slug bites you but does no damage.
You hit the dart slug but do no damage.
The dart slug is lightly wounded.
The kobold hits you.
* * * LOW HITPOINT WARNING * * *
You hit the dart slug but do no damage.
The dart slug is lightly wounded.
The dart slug bites you but does no damage.
The kobold barely misses you.
You hit the dart slug but do no damage.
The dart slug is lightly wounded.
The kobold closely misses you.
The dart slug bites you but does no damage.
You hit the dart slug but do no damage. The kobold misses you.
Unknown command.
You hit the dart slug but do no damage. The dart slug completely misses you.
The kobold closely misses you.
You barely miss the dart slug. The kobold barely misses you.
The dart slug bites you but does no damage.
Unknown command.
You hit the kobold but do no damage.
You have starved to death.
You die...

###..⌠..#### #.. #K
##...## #.. #. #...# ..
#.## #### #...# #. ..#
#.. ##.## #.## #.# #.#
#.# #..###.######.##
#..............###.
######wK.###.#####......
.......@.# #.# ##.####
####...$.# #.. #.#
#.......# ##.# #.#
.......... .# #.#
##......... .# #>#
#........... .. #.#
............. #.#
.............. #.# #.#


You could see a dart slug and a kobold.

Vanquished Creatures
  A sky beast (D:6)
  2 bullfrogs (D:6)
  A hound (D:6)
  Jessica (D:3)
  A worker ant (D:6)
  2 gnolls (D:4)
  5 adders
  An ooze (D:4)
  A dart slug (D:1)
  An orc (D:4)
  2 giant cockroaches
  2 goblins
  2 hobgoblins (D:2)
  A kobold (D:3)
  A quokka (D:3)
  2 bats
  A rat (D:1)
27 creatures vanquished.

Notes
Turn   | Place    | Note
-------+----------+-------------------------------------------
     0 | D:1      | Amnesiac the Draconian Earth Elementalist began the quest
                  | for the Orb.
     0 | D:1      | Reached XP level 1. HP: 14/14 MP: 3/3
   350 | D:2      | Reached XP level 2. HP: 15/20 MP: 1/5
   354 | D:2      | Learned a level 2 spell: Passwall
   535 | D:3      | Noticed Jessica
   548 | D:3      | Killed Jessica
   548 | D:3      | Reached skill level 4 in Earth Magic
   548 | D:3      | Reached XP level 3. HP: 21/26 MP: 1/7
   596 | D:4      | Noticed Eustachio
   698 | D:3      | Noticed Robin
   790 | D:4      | Reached XP level 4. HP: 26/33 MP: 1/8
   930 | D:4      | HP: 1/33 [white imp/puff of frost[Eustachio] (8)]
   972 | D:5      | Entered Level 5 of the Dungeon
  1328 | D:5      | Found an opulent altar of Gozag.
  1356 | D:5      | Noticed a sky beast
  1443 | D:6      | Noticed a bullfrog
  1445 | D:6      | Killed a bullfrog
  1445 | D:6      | Reached skill level 5 in Earth Magic
  1445 | D:6      | Reached XP level 5. HP: 30/38 MP: 6/10
  1458 | D:6      | Noticed a sky beast
  1492 | D:6      | Killed a sky beast
  1492 | D:6      | Reached XP level 6. HP: 26/45 MP: 6/11
  1499 | D:6      | Learned a level 5 spell: Lee's Rapid Deconstruction
  1504 | D:6      | Learned a level 4 spell: Petrify
  1726 | D:6      | Reached skill level 6 in Earth Magic
  2484 | D:1      | Paralysed by fainting for 12 turns
  2502 | D:1      | HP: 1/45 [kobold (2)]
  2508 | D:1      | Starved to death

Vault maps used:
D:1:      evilmike_arrival_plus, kennysheep_decorative_pillar,
          minmay_octomino_c4
D:2:      old_standard_altar, cheibrodos_gnoll_hut
D:3:      ashenzari_conservatory_becter, chequers_ecumenical_altar_island,
          uniq_robin, uniq_jessica, uniq_natasha
D:4:      minmay_temple_entry_fiery, uniq_eustachio, uniq_blork_the_orc
D:5:      cheibrodos_thug_alley, nicolae_overflow_hidden_temple, first_ration
D:6:      serial_shops, kennysheep_mini

Skill      XL: |  1  2  3  4  5  6 |
---------------+-------------------+-----
Earth Magic    | 4 5 6 |  6.3
Spellcasting   | 3 4 |  4.0
Dodging        | |  1.7
Stealth        | |  1.7
Transmutations | |  1.0

Action                   |  1- 3 |  4- 6 || total
-------------------------+-------+-------++-------
Melee: Unarmed           |    65 |   226 ||   291
       Tailslap          |     4 |    29 ||    33
 Cast: Sandblast         |    29 |    34 ||    63
       Passwall          |     1 |     5 ||     6
       Petrify           |       |     5 ||     5
  Use: Scroll            |       |     5 ||     5
       Potion            |       |     1 ||     1
 Stab: Petrified         |       |    23 ||    23
  Eat: Ration            |       |     1 ||     1
       Chunk             |       |     2 ||     2
Armor: Skin              |    38 |   176 ||   214
Dodge: Dodged            |    72 |   230 ||   302

Table legend:
 A = Non-vault XP
 B = Vault XP
 C = Vault XP percentage of total XP
 D = Non-vault monster count
 E = Vault monster count
 F = Vault count percentage of total count
                 A         B        C        D         E       F
            +---------+---------+-------+---------+---------+-------
      Total |     520 |      39 |   7.0 |      25 |       2 |   7.4
            +---------+---------+-------+---------+---------+-------
        D:1 |       6 |       0 |   0.0 |       3 |       0 |   0.0
        D:2 |      18 |       2 |  10.0 |       4 |       1 |  20.0
        D:3 |      34 |      37 |  52.1 |       6 |       1 |  14.3
        D:4 |      41 |       0 |   0.0 |       5 |       0 |   0.0
        D:6 |     421 |       0 |   0.0 |       7 |       0 |   0.0
            +---------+---------+-------+---------+---------+-------
